 Dungeon Sprint DCSS version 0.28.0-53-g5a82cb258f (webtiles) character file.

Game seed: 7945887063063699222

74 Zeld the Skirmisher (level 4, -6/67 HPs)
             Began as a Minotaur Berserker on June 5, 2022.
             Was a Believer of Trog.
             Mangled by a water elemental (19 damage)
             ... in the Dungeon (Sprint III: "The Ten Rune Challenge").
             The game lasted 00:00:29 (237 turns).

Zeld the Skirmisher (Minotaur Berserker)             Turns: 237, Time: 00:00:30

Health: -6/67      AC:  4    Str: 24    XL:     4   Next: 10%
Magic:  3/3        EV: 12    Int:  4    God:    Trog [**....]
Gold:   20         SH:  0    Dex:  9    Spells: 3/3 levels left

rFire   . . .      SeeInvis .   a - +0 hand axe
rCold   . . .      Faith    .   (no shield)
rNeg    . . .      Spirit   .   b - +0 animal skin
rPois   .          Reflect  .   (helmet restricted)
rElec   .          Harm     .   k - +1 cloak
rCorr   .          Rampage  .   (no gloves)
Will    .....      NoTele   +   (no boots)
Stlth   ..........              (no amulet)
HPRegen 0.21/turn               (no ring)
MPRegen 0.08/turn               (no ring)

@: berserking, engulfed (cannot breathe), very quick
A: horns 2, retaliatory headbutt
a: Renounce Religion, Berserk, Trog's Hand


You were in the Dungeon.
You worshipped Trog.
Trog was pleased with you.
You visited 1 branch You collected 20 gold pieces.

Inventory:

Hand Weapons
 a - a +0 hand axe (weapon)
Armour
 b - a +0 animal skin (worn)
 k - a +1 cloak (worn)
Wands
 j - a wand of polymorph (5)
Scrolls
 h - a scroll of blinking
 m - a scroll of torment {unknown}
 n - a scroll of immolation {unknown}
 p - a scroll of holy word {unknown}
 q - a scroll of identify {unknown}
Potions
 c - 2 potions of curing
 d - a potion of heal wounds
 e - a potion of haste
 f - 3 potions of magic
 g - a potion of berserk rage
 i - 2 potions of flight {unknown}
 l - 2 potions of mutation {unknown}
 o - a potion of degeneration {unknown}


   Skills:
 * Level 6.6 Fighting
 * Level 6.6 Axes
 + Level 4.5 Armour
 + Level 4.1 Dodging


You had 3 spell levels left.
You didn't know any spells.
Your spell library was empty.

Dungeon Overview and Level Annotations

Branches:
Dungeon (1/1)

Altars:


Innate Abilities, Weirdness & Mutations

You have a pair of horns on your head.
You reflexively headbutt those who attack you in melee.


Message History

l - a green potion;
m - a scroll labelled ITZAUTWAWO
n - a scroll labelled RAXTOG KIORUSH;
f - 3 potions of magic (gained 1)
o - a pink potion
l - 2 green potions (gained 1);
p - a scroll labelled AXOK RELONK
q - a scroll labelled HEXTEAKHLAV;
c - 2 potions of curing (gained 1)
i - 2 lumpy purple potions (gained 1)
You now have 20 gold pieces (gained 6).
There is an open door here.
You enter the shallow water.
Moving in this stuff is going to be slow.
You open the door.
A water elemental comes into view.
The water elemental moves out of view.
The water elemental hits you!
The water elemental engulfs you in water!
You slip free of the water engulfing you.
You gasp with relief as air once again reaches your lungs.
A red film seems to cover your vision as you go berserk!
You feel yourself moving faster!
You feel mighty! The water elemental hits you!
The water elemental engulfs you in water!
You barely miss the water elemental. You headbutt the water elemental!
The water elemental is heavily damaged.
Your lungs strain for air!
The water elemental hits you!!
You closely miss the water elemental.
The water elemental is heavily damaged.
Your lungs strain for air!
The water elemental closely misses you.
You barely miss the water elemental.
The water elemental is heavily damaged.
* * * LOW HITPOINT WARNING * * *
Your lungs strain for air!
Unknown command.
You barely miss the water elemental.
Your headbutt misses the water elemental.
The water elemental is heavily damaged.
* * * LOW HITPOINT WARNING * * *
Your lungs strain for air!
The water elemental hits you!!
You die...

▓▓▓▓▓▓▓▓▓▓▓▓ ▓▓▓
<.#..'...♣.♣ ♣.#
..#..#....♣♣♣ ♣.#
#'####......♣ ♣.#
.†...#....≈♣♣ ♣@###+#+#
.....#...≈≈.♣♣♣♣E#......
....[#..≈≈≈≈♣.♣♣.'.⌠....
####'#..≈≈≈≈≈≈♣..#...###
...†)#.)≈≈≈≈≈....#.⌠.#
.....#.≈≈≈≈≈.....# ..#
.....#.≈≈≈.......# ###
'#####...........#
.................#


You could see a water elemental.

Vanquished Creatures
  Crazy Yiuf (D)
  Jessica (D)
  A human (D)
  3 rats (D)
6 creatures vanquished.

Notes
Turn   | Place    | Note
-------+----------+-------------------------------------------
     0 | D        | Zeld the Minotaur Berserker began the quest for the Orb.
     0 | D        | Reached XP level 1. HP: 19/19 MP: 0/0
    35 | D        | Noticed Jessica
    38 | D        | Killed Jessica
    38 | D        | Reached ** piety under Trog
    39 | D        | Reached skill level 5 in Fighting
    39 | D        | Reached skill level 5 in Axes
    39 | D        | Reached XP level 2. HP: 29/29 MP: 1/1
    96 | D        | Noticed Crazy Yiuf
   109 | D        | Killed Crazy Yiuf
   110 | D        | Reached XP level 3. HP: 36/37 MP: 2/2
   119 | D        | Reached *** piety under Trog
   120 | D        | Reached XP level 4. HP: 45/45 MP: 3/3
   229 | D        | Noticed a water elemental
   237 | D        | Mangled by a water elemental

Illustrated notes

Levels and vault maps discovered:
D:        dungeon_sprint_mu [sprint_mu_entry_forest, sprint_mu_temple_rooms,
          sprint_mu_d1_spiders, sprint_mu_d2_genie, sprint_mu_d3_branching,
          sprint_mu_orc_legion, sprint_mu_elf_gauntlet, sprint_mu_hive_nellie,
          sprint_mu_lair_fedhas, sprint_mu_vaults_butterflies,
          sprint_mu_slime_circle, sprint_mu_shoals_kraken,
          sprint_mu_snake_twists, sprint_mu_blade_basic, sprint_mu_crypt_lich,
          sprint_mu_tomb_spiral, sprint_mu_vestibule_basic,
          sprint_mu_gehenna_hellfire, sprint_mu_dis_giant,
          sprint_mu_tartarus_statrot, sprint_mu_cocytus_islands, sprint_mu_zot1]

Skill      XL: |  1  2  3 |
---------------+----------+-----
Fighting       | 5 6 |  6.6
Axes           | 5 6 |  6.6
Armour         | 3 4 |  4.5
Dodging        | 3 4 |  4.1

Action                   |  1- 3 |  4- 6 || total
-------------------------+-------+-------++-------
Melee: Hand axe          |     4 |     4 ||     8
       Headbutt          |     1 |     1 ||     2
       Unarmed           |    12 |       ||    12
Invok: Berserk           |     1 |     1 ||     2
 Stab: Confused          |     1 |       ||     1
Armor: Skin              |     1 |       ||     1
Dodge: Dodged            |     6 |     1 ||     7
